 Dungeon Crawl Stone Soup version 0.31-a0-625-gc9c7e45f3f (webtiles) character file.

Game seed: 11508330051386035069

1600 GordonOverkill the Conjurer (level 8, -1/60 HPs)
             Began as a Vine Stalker Delver on Aug 24, 2023.
             Was an Initiate of Vehumet.
             Succumbed to a water moccasin's poison
             ... on level 5 of the Dungeon.
             The game lasted 00:12:33 (4707 turns).

GordonOverkill the Conjurer (Vine Stalker Delver)   Turns: 4707, Time: 00:12:34

Health: -1/60      AC: 24    Str: 15    XL:     8   Next: 94%
Magic:  3/16       EV:  2    Int: 12    God:    Vehumet [......]
Gold:   334        SH:  5    Dex: 16    Spells: 14/17 levels left

rFire   . . .        l - +1 hand axe (venom)
rCold   . . .        (no shield)
rNeg    . . .        x - melded +0 robe of Macalub {Str+5}
rPois   +            v - melded +0 helmet
rElec   .            (cloak currently unavailable)
rCorr   .            (gloves currently unavailable)
SInv    .            j - melded +0 pair of boots
Will    +....        b - amulet of reflection
Stlth   +++          (no ring)
HPRegen 1.10/turn    (no ring)
MPRegen 0.15/turn

%: reflection, guardian spirit
@: lethally poisoned (-1 -> -7), tree-form, attractive
A: stationary, stasis, torment immunity, boosted hp, (fangs 3), regeneration 1,
magic shield, (antimagic bite), no potion heal 2
a: Renounce Religion


You were on level 5 of the Dungeon.
You worshipped Vehumet.
Vehumet was noncommittal.
You were a tree.
You visited 2 branches of the dungeon, and saw 7 of its levels.

You collected 334 gold pieces.

Inventory:

Hand Weapons
 a - a +0 short sword
 l - a +1 hand axe of venom (weapon)
Missiles
 i - 3 poisoned darts (quivered)
 m - 10 boomerangs
Armour
 j - a +0 pair of boots (melded)
 u - a +1 animal skin
 v - a +0 helmet (melded)
 x - the +0 robe of Macalub (melded) {Str+5}
   (You found it on level 3 of the Dungeon)

   Str+5:     It affects your strength (+5).
Jewellery
 b - an amulet of reflection (around neck)
 e - an amulet of magic regeneration
 y - a ring of poison resistance
Wands
 g - a wand of digging (2)
Scrolls
 c - 2 scrolls of fog
 f - 2 scrolls of summoning
 h - 2 scrolls of noise {unknown}
 p - a scroll of silence
 q - a scroll of teleportation
 t - a scroll of amnesia
Potions
 d - a potion of haste
 n - a potion of enlightenment
 o - a potion of mutation
 z - a potion of brilliance {unknown}


   Skills:
 - Level 3.0 Fighting
 - Level 1.7 Short Blades
 - Level 2.0 Axes
 - Level 1.0 Throwing
 - Level 1.5 Dodging
 - Level 6.0 Stealth
 - Level 5.0 Spellcasting
 + Level 6.8 Conjurations
 - Level 5.0 Ice Magic
 - Level 2.0 Evocations


You had 14 spell levels left.
You knew the following spells:

 Your Spells              Type           Power      Damage    Failure   Level
a - Hailstorm             Conj/Ice       17%        3d6       5%          3

Your spell library contained the following spells:

 Spells                   Type           Power      Damage    Failure   Level
 Call Canine Familiar     Summ           3%         N/A       52%         3
 Portal Projectile        Hex/Tloc       6%         N/A       52%         3
 Summon Guardian Golem    Hex/Summ       3%         N/A       52%         3
 Summon Ice Beast         Ice/Summ       9%         N/A       56%         4
 Leda's Liquefaction      Hex/Erth       1%         N/A       89%         4
 Simulacrum               Ice/Necr       4%         N/A       100%        6
 Orb of Destruction       Conj           9%         9d6       100%        7
 Spellforged Servitor     Conj/Summ      5%         N/A       100%        7


Dungeon Overview and Level Annotations

Branches:
Dungeon (6/15)             Temple (1/1) D:5

Altars:
Dithmenos
Elyvilon
Hepliaklqana
Kikubaaqudgha
Makhleb
Nemelex Xobeh
Qazlal
Ru
Sif Muna
Trog
Uskayaw
Vehumet
Wu Jian
Xom
Yredelemnul
Zin

Shops:
D:2 (   D:3 (

Annotations:
D:5 3 runed translucent doors, exclusion: ogre, temitten's ghost, novice BaSu
Temple 2 transporters


Innate Abilities, Weirdness & Mutations

You are a tree.
Your roots penetrate the ground, keeping you stationary.
You cannot be teleported.
You are immune to unholy pain and torment.
Your maximum health is greatly increased.
Your equipment is partially melded.
((You have razor-sharp teeth.))
Your natural rate of healing is unusually fast.
When hurt, damage is shared between your health and your magic reserves.
((Your bite disrupts and absorbs the magic of your enemies.))
Potions cannot restore your health.


Message History

The water moccasin completely misses you.
The water moccasin bites you but does no damage.
The gnoll closely misses you. The water moccasin bites you.
* * * LOW HITPOINT WARNING * * *
You are poisoned.
The water moccasin poisons you!
You feel very sick.
The water moccasin attacks as it pursues you!
The water moccasin barely misses you.
You feel very sick.
The water moccasin attacks as it pursues you!
The water moccasin bites you.
* * * LOW HITPOINT WARNING * * *
The water moccasin bites you!
* * * LOW HITPOINT WARNING * * *
You are lethally poisoned!
The water moccasin poisons you!
* * * LOW HITPOINT WARNING * * *
You feel very sick.
The water moccasin attacks as it pursues you!
The water moccasin misses you.
* * * LOW HITPOINT WARNING * * *
You feel very sick.
It was a potion of curing.
Your system rejects the healing.
You feel better. The water moccasin bites you.
* * * LOW HITPOINT WARNING * * *
You are lethally poisoned!
The water moccasin poisons you! The water moccasin closely misses you.
It was a potion of lignification.
You turn into a tree.
Your +0 helmet melds into your body.
Your +0 pair of boots melds into your body.
The +0 robe of Macalub {Str+5} melds into your body.
Your roots penetrate the ground.
* * * LOW HITPOINT WARNING * * *
You feel very sick.
The water moccasin bites you but does no damage.
It was a potion of attraction.
You feel attractive to monsters.
You die...

#################.
##........).$....#.
#.....gY.#*#..,....
#.Y#####.# #.#*#.#.
#.Y# #.###.###.##
#.g#####.....gYY...
#gl....#####.###...
##S###.# #.######
#♣# #.# #.......
#.###.# ########
#...#.# ###.#.#
####
#.#.#########...
#.#.........<.##
##.#..#######..#
#...........#(.#
#..<....###.#..#


You could see 2 yaks, a water moccasin (poisoned), a gnoll bouda, an iguana
(poisoned) and a gnoll (swift).

Vanquished Creatures
  A moth of wrath (D:4)
  3 yaks
  A water moccasin (D:4)
  An ice beast (D:4)
  2 ogres
  An orc priest (D:2)
  2 iguanas
  Natasha (thrice) (D:4)
  2 orc wizards
  Robin (D:2)
  3 gnolls (D:5)
  5 adders
  A shadow imp (D:6)
  3 worms
  3 dart slugs
  15 orcs
  10 ball pythons
  3 endoplasms
  4 giant cockroaches
  14 goblins
  7 hobgoblins
  9 jackals
  8 kobolds
  A quokka (D:2)
  6 bats
  A frilled lizard (D:1)
  4 rats (D:4)
114 creatures vanquished.

Notes
Turn   | Place    | Note
-------+----------+-------------------------------------------
     0 | D:5      | GordonOverkill the Vine Stalker Delver began the quest for
                  | the Orb.
     0 | D:5      | Reached XP level 1. HP: 11/11 MP: 2/2
    17 | D:5      | Noticed an iguana
    22 | D:5      | Killed an iguana
    23 | D:5      | Reached skill level 1 in Spellcasting
    23 | D:5      | Reached skill level 1 in Ice Magic
    23 | D:5      | Reached XP level 2. HP: 9/16 MP: 1/5
    23 | D:5      | Reached XP level 3. HP: 12/20 MP: 1/6
    27 | D:5      | Learned a level 3 spell: Hailstorm
   121 | D:6      | Noticed a phantom
   144 | D:5      | Noticed an ogre
   195 | D:5      | Noticed a water moccasin
   229 | D:5      | Noticed a centaur
   258 | D:5      | Noticed a scorpion
   281 | D:5      | Found a runed translucent gate.
   282 | D:5      | Found a runed translucent gate.
   301 | D:5      | Noticed a yak
   309 | D:5      | Noticed a yak
   332 | D:5      | Found a runed translucent gate.
   332 | D:5      | Noticed temitten's ghost (novice BaSu)
   333 | D:5      | Noticed a kobold brigand
   459 | D:5      | Found a staircase to the Ecumenical Temple.
   461 | D:5      | Reached skill level 1 in Conjurations
   461 | D:5      | Gained mutation: Your natural rate of healing is unusually
                  | fast. [Vine Stalker growth]
   461 | D:5      | Reached XP level 4. HP: 24/24 MP: 8/8
   472 | D:5      | Noticed an ogre
   719 | D:2      | Found Neykkaog's Weapon Emporium.
  2157 | D:2      | Reached XP level 5. HP: 24/28 MP: 6/9
  2469 | D:3      | Found Quygui's Antique Weapon Emporium.
  2513 | D:3      | Noticed Robin
  2556 | D:2      | Reached skill level 1 in Throwing
  2583 | D:2      | Killed Robin
  2675 | D:2      | Reached skill level 1 in Axes
  2706 | D:3      | Found a faded altar of an unknown god.
  2828 | D:3      | Reached XP level 6. HP: 32/32 MP: 11/11
  2945 | D:3      | Identified the +0 robe of Macalub {Str+5}
  3364 | D:4      | Noticed an ice beast
  3382 | D:4      | Killed an ice beast
  3419 | D:4      | Noticed Natasha
  3430 | D:4      | Killed Natasha
  3431 | D:4      | Reached XP level 7. HP: 35/36 MP: 9/12
  3553 | D:4      | Noticed Natasha
  3559 | D:4      | Killed Natasha
  3781 | D:4      | Noticed Natasha
  3801 | D:4      | Reached skill level 5 in Conjurations
  3886 | D:4      | Killed Natasha
  4204 | D:4      | Noticed a moth of wrath
  4206 | D:4      | Found a bloodstained altar of Trog.
  4256 | D:4      | Killed a moth of wrath
  4257 | D:4      | Gained mutation: You have razor-sharp teeth. [Vine Stalker
                  | growth]
  4257 | D:4      | Reached XP level 8. HP: 40/40 MP: 12/15
  4375 | D:5      | Noticed a yak
  4387 | Temple   | Found a transporter.
  4387 | Temple   | Found a transporter.
  4387 | Temple   | Found a transporter.
  4387 | Temple   | Found a transporter.
  4387 | Temple   | Entered the Ecumenical Temple
  4403 | Temple   | Became a worshipper of Vehumet
  4425 | D:5      | Noticed a yak
  4425 | D:5      | Noticed a yak
  4445 | D:5      | Killed a yak
  4533 | D:4      | Killed a yak
  4679 | D:5      | Killed a yak
  4680 | D:5      | Reached skill level 5 in Spellcasting
  4680 | D:5      | Reached skill level 5 in Ice Magic
  4704 | D:5      | HP: 2/40 [poisoned by a water moccasin]
  4707 | D:5      | Succumbed to a water moccasin's poison

Illustrated notes

Levels and vault maps discovered:
D:1:      dpeg_arrival_boxorama, layout_loops_corners
D:2:      layout_loops_ring, serial_shops, nicolae_shop_bloodbath_and_beyond,
          minmay_misc_feat_rugged
D:3:      layout_rooms, chequers_ecumenical_altar_simple_redux, serial_shops,
          shop, uniq_robin
D:4:      layout_basic, tgw_trog, minmay_cupped, uniq_natasha
D:5:      layout_loops_ring, minmay_temple_entry_glass,
          gammafunk_ghost_nasty_kobolds, uniq_edmund
D:6:      layout_loops_corners, uniq_prince_ribbit1, uniq_jeremiah,
          uniq_crazy_yiuf_cottage
Temple:   hellmonk_temple_divided_pantheon

Skill      XL: |  1  2  3  4  5  6  7  8 |
---------------+-------------------------+-----
Fighting       | 3 |  3.0
Spellcasting   | 1 2 3 4 5 |  5.0
Ice Magic      | 1 2 3 4 5 |  5.0
Conjurations   | 1 2 4 5 6 |  6.8
Throwing       | 1 |  1.0
Axes           | 1 2 |  2.0
Evocations     | 2 |  2.0
Short Blades   | |  1.7
Dodging        | |  1.5
Stealth        | |  6.0

Action                     |  1- 3 |  4- 6 |  7- 9 || total
---------------------------+-------+-------+-------++-------
  Melee: Short sword       |    24 |    26 |       ||    50
         Bite              |     6 |    44 |    27 ||    77
         Punch             |     1 |     1 |       ||     2
         Hand axe          |       |   139 |    75 ||   214
  Throw: Dart              |       |     6 |    14 ||    20
   Cast: Hailstorm         |       |       |     1 ||     1
  Evoke: Wand              |       |       |     1 ||     1
    Use: Scroll            |     2 |     6 |     2 ||    10
         Potion            |     1 |       |     4 ||     5
   Stab: Sleeping          |     4 |    15 |     4 ||    23
 Armour: Leather armour    |     4 |    35 |       ||    39
         Animal skin       |       |    14 |       ||    14
         Robe              |       |     6 |    24 ||    30
         Skin              |       |       |     1 ||     1
  Dodge: Dodged            |    11 |   104 |    62 ||   177
  Block: Other             |       |    13 |    18 ||    31

Table legend: (Time is in decaauts)
 A = Elapsed time spent in this place.
 B = Non-inter-level travel time spent in this place.
 C = Inter-level travel time spent in this place.
 D = Time resting spent in this place.
 E = Time spent auto-exploring this place.
 F = Levels seen in this place.
 G = Mean time per level.
                   A        B        C        D        E       F      G
               +--------+--------+--------+--------+--------+-----+--------+
         Total |   4755 |   4359 |    396 |    582 |   2153 |   7 |  679.3 |
       Dungeon |   4723 |   4340 |    383 |    582 |   2153 |   6 |  787.2 |
        Temple |     31 |     18 |     13 |      0 |      0 |   1 |   31.0 |
               +--------+--------+--------+--------+--------+-----+--------+

Top non-repeatable levels by time:
     D:4: 1258 daAuts
     D:1: 986 daAuts
     D:2: 985 daAuts
     D:5: 749 daAuts
     D:3: 669 daAuts
     D:6: 75 daAuts
  Temple: 31 daAuts
